 Dungeon Crawl Stone Soup version 0.23.2-1-ga50397a (webtiles) character file.

Game seed: 7197504779001124002

49000 GEC the Fighter (level 14, -2/119 HPs)
             Began as a Demonspawn Gladiator on Apr 23, 2019.
             Was a Follower of Uskayaw.
             Killed by drain life
             ... invoked by a soul eater
             ... summoned by a kobold demonologist
              (20 damage)
             ... on level 11 of the Dungeon.
             The game lasted 01:27:34 (34072 turns).

GEC the Fighter (Demonspawn Gladiator)             Turns: 34072, Time: 01:27:35

Health: -2/119     AC: -3    Str: 19    XL:     14   Next: 14%
Magic:  21/21      EV: 14    Int: 13    God:    Uskayaw [*.....]
Gold:   1291       SH:  0    Dex: 14    Spells: 11/20 levels left

rFire    + + .     SeeInvis +   y - +7 broad axe
rCold    + . .     Gourm    .   (no shield)
rNeg     . . .     Faith    .   U - +2 chain mail {MR+}
rPois    +         Spirit   .   (helmet unavailable)
rElec    .         Reflect  .   T - scarf {rC+ rF+}
rCorr    .         Harm     .   (no gloves)
MR       ++...                  o - +0 pair of boots
Stlth    ..........             K - amulet of the acrobat
HPRegen  0.29/turn              u - ring of protection from fire
MPRegen  0.17/turn              S - +2 ring of intelligence

@: corroded
A: antennae 3, slimy green scales 3, demonic guardian 1, powered by death 1
a: Stomp, Renounce Religion


You were on level 11 of the Dungeon.
You worshipped Uskayaw.
Uskayaw was aware of your devotion.
You were not hungry.

You visited 3 branches of the dungeon, and saw 18 of its levels.
You also visited: Sewer.

You collected 1411 gold pieces.
You spent 120 gold pieces at shops.

Inventory:

Hand Weapons
 y - a +7 broad axe (weapon)
 L - a +2 spear of freezing
Missiles
 d - 7 throwing nets
 t - 6 javelins (quivered)
Armour
 o - a +0 pair of boots (worn)
 J - a +3 leather armour of magic resistance
 T - a scarf of resistance (worn)
 U - a +2 chain mail of magic resistance (worn)
Jewellery
 u - a ring of protection from fire (left hand)
 v - an uncursed ring of magical power
 x - an uncursed ring of flight
 E - an uncursed ring of positive energy
 F - an uncursed ring of protection from cold
 K - an amulet of the acrobat (around neck)
 S - a +2 ring of intelligence (right hand)
 X - an uncursed amulet of guardian spirit {unknown}
 Y - an uncursed ring of stealth {unknown}
Wands
 g - a wand of clouds (4)
 h - a wand of flame (23)
 A - a wand of paralysis (7)
 H - a wand of digging (6)
 I - a wand of iceblast (7)
 P - a wand of enslavement (8)
 W - a wand of acid (9)
Scrolls
 c - 4 scrolls of amnesia
 l - 10 scrolls of teleportation
 p - 6 scrolls of remove curse
 q - 3 scrolls of fear
 r - a scroll of fog
 s - 7 scrolls of magic mapping
 D - 5 scrolls of blinking
 R - a scroll of summoning
Potions
 e - 8 potions of heal wounds
 i - 4 potions of ambrosia
 j - 4 potions of might
 k - 4 potions of mutation
 m - 7 potions of curing
 n - a potion of magic
 w - 2 potions of resistance
 z - 4 potions of lignification
 B - a potion of agility {unknown}
 C - 2 potions of brilliance
 G - 2 potions of cancellation {unknown}
 M - 3 potions of berserk rage {unknown}
 O - 2 potions of flight {unknown}
 Q - 2 potions of haste
Miscellaneous
 b - a phantom mirror
 N - a phial of floods
Comestibles
 f - 30 rations


   Skills:
 * Level 13.7 Fighting
 + Level 9.5 Axes
 - Level 1.7 Throwing
 + Level 4.1 Armour
 * Level 12.9 Dodging
 - Level 3.7 Spellcasting
 + Level 4.9 Necromancy
 - Level 3.0 Transmutations
 + Level 10.4 Invocations


You had 11 spell levels left.
You knew the following spells:

 Your Spells              Type           Power        Failure   Level  Hunger
a - Statue Form           Tmut/Erth      #........    100%        6    #######
b - Regeneration          Chrm/Necr      #.........   95%         3    ###....

Your spell library contained the following spells:

 Spells                   Type           Power        Failure   Level  Hunger
 Passwall                 Tmut/Erth      #.......     88%         2    ##.....
 Infusion                 Chrm           #...         93%         1    #......
 Sandblast                Erth           #.....       93%         1    #......
 Shroud of Golubria       Chrm/Tloc      #.........   98%         2    ##.....
 Song of Slaying          Chrm           #.......     98%         2    ##.....
 Spectral Weapon          Hex/Chrm       #.......     100%        3    ###....
 Stone Arrow              Conj/Erth      #.....       100%        3    ###....
 Petrify                  Tmut/Erth      #.......     100%        4    #####..
 Irradiate                Conj/Tmut      #.........   100%        5    ######.
 Lee's Rapid Deconstruct  Erth           #.........   100%        5    ######.
 Summon Mana Viper        Hex/Summ       #.......     100%        5    ######.
 Hydra Form               Tmut           ##........   100%        6    #######
 Dragon Form              Tmut           ##........   100%        7    #######
 Spellforged Servitor     Conj/Summ      #.........   100%        7    #######
 Controlled Blink         Tloc           N/A          100%        8    #######


Dungeon Overview and Level Annotations

Branches:
Dungeon (11/15)            Temple (1/1) D:7            Lair (6/6) D:9
  Swamp (0/4) Lair:3        Snake (0/4) Lair:2        Slime (0/5) Lair:5
    Orc: D:9-12

Altars:
Ashenzari
Cheibriados
Elyvilon
Fedhas
Kikubaaqudgha
Makhleb
Ru
Sif Muna
Trog
Uskayaw
Vehumet
Wu Jian
Xom
Yredelemnul
Zin
The Shining One

Shops:
D:8 [   D:10 %

Annotations:
Lair:2 2 transporters
Lair:6 1 runed translucent door


Innate Abilities, Weirdness & Mutations

You have a pair of large antennae on your head. (SInv)
You are completely covered in slimy green scales. (AC +4, rPois)
A weak demonic guardian rushes to your aid.
You regenerate a little health from kills.


Message History

The kobold demonologist casts a spell.
You slash the kobold demonologist!
The kobold demonologist is lightly wounded.
The kobold demonologist hits you with a +0 dagger.
* * * LOW HITPOINT WARNING * * *
You completely miss the kobold demonologist.
The kobold demonologist is lightly wounded.
The soul eater draws from the surrounding life force!
* * * LOW HITPOINT WARNING * * *
The kobold demonologist barely misses you.
You closely miss the kobold demonologist.
The kobold demonologist is lightly wounded.
The sixfirhy disappears in a puff of smoke!
The kobold demonologist hits you with a +0 dagger.
* * * LOW HITPOINT WARNING * * *
Unknown command.
You completely miss the kobold demonologist.
The kobold demonologist is lightly wounded.
The soul eater draws from the surrounding life force!
You die...

...# . #.## . #.#
#.## #.(# ##.# #.#
#.# ######.# #.#
#########.5@K33#
#.###......##.######
#...).####.##.#
####### #.##.#
#....# ######


You could see a soul eater, a kobold demonologist, a smoke demon and a friendly
iron imp.

Vanquished Creatures
  4 hydras
  2 two-headed ogres
  4 death yaks
  2 lindwurms (Lair:6)
  An ugly thing (D:11)
  A wolf spider (Lair:6)
  A cyclops (D:10)
  13 elephants
  A guardian serpent (Lair:6)
  10 black mambas
  4 torpor snails
  13 spiny frogs
  2 rime drakes
  8 komodo dragons
  2 trolls
  8 hornets
  3 tyrant leeches (Lair:6)
  6 dream sheep (Lair:5)
  7 blink frogs
  5 hippogriffs
  3 redbacks (Lair:6)
  39 yaks
  14 wyverns
  A hungry ghost (D:10)
  3 vampire mosquitoes (Lair:3)
  Edmund (D:6)
  2 nagas (Lair:2)
  14 water moccasins
  6 porcupines
  2 sky beasts
  2 ice beasts
  2 black bears (D:7)
  3 orc warriors
  A hornet zombie (D:11)
  A phantom (D:11)
  A centaur (D:9)
  4 wolves (Lair:5)
  6 ogres
  10 crocodiles
  4 big kobolds
  13 bullfrogs
  4 scorpions
  21 killer bees
  5 electric eels (Lair:3)
  8 wights
  A bullfrog zombie (D:8)
  3 crimson imps
  9 hounds
  A jelly (D:11)
  2 centaur zombies
  4 orc priests
  2 centaur skeletons
  11 orc wizards
  3 iguanas
  8 worker ants
  6 hell rats (Lair:4)
  2 hound zombies (D:5)
  2 hound skeletons
  A worker ant zombie (D:9)
  6 gnolls
  19 adders
  A shadow imp (D:6)
  An adder skeleton (D:4)
  4 worms
  3 dart slugs
  3 leopard geckos
  32 orcs
  10 giant cockroaches
  4 goblins
  10 hobgoblins
  12 jackals
  4 quokkas
  2 ball pythons
  8 bats
  8 frilled lizards
  20 kobolds
  A leopard gecko skeleton (D:8)
  A quokka zombie (D:5)
  8 rats
  A fungus (Lair:5)
  A plant (Lair:2)
481 creatures vanquished.

Vanquished Creatures (collateral kills)
  A wolf spider (Lair:6)
  An elephant (Lair:4)
  3 black mambas (Lair:6)
  A spiny frog (Lair:6)
  A torpor snail (Lair:6)
  A blink frog (Lair:6)
  3 hornets (Lair:6)
  3 hippogriffs
  A wyvern (Lair:6)
  A yak (Lair:2)
  A sky beast (D:5)
  2 ogres
  A wolf (Lair:5)
  A crocodile (Lair:4)
  A bullfrog (Lair:3)
  A scorpion (D:2)
  An electric eel (Lair:6)
  An orc priest (D:6)
  A centaur zombie (D:8)
  A worker ant (D:9)
  2 adders
  4 orcs
  2 bats (D:2)
  2 kobolds
  A rat (D:2)
38 creatures vanquished.

Vanquished Creatures (others)
  An orc wizard (D:7)
  13 fungi
  34 plants
48 creatures vanquished.

Grand Total: 567 creatures vanquished

Notes
Turn   | Place    | Note
-------+----------+-------------------------------------------
     0 | D:1      | GEC the Demonspawn Gladiator began the quest for the Orb.
     0 | D:1      | Reached XP level 1. HP: 16/16 MP: 1/1
   242 | D:1      | Gained mutation: You are partially covered in slimy green
                  | scales. (AC +2) [demonic ancestry]
   242 | D:1      | Reached XP level 2. HP: 22/22 MP: 2/2
   810 | D:2      | Reached XP level 3. HP: 19/28 MP: 3/3
   956 | D:2      | Found a burning altar of Makhleb.
   969 | D:2      | Reached skill level 3 in Fighting
   969 | D:2      | Gained mutation: A weak demonic guardian rushes to your
                  | aid. [demonic ancestry]
   969 | D:2      | Reached XP level 4. HP: 28/35 MP: 4/4
  1587 | D:2      | Reached XP level 5. HP: 41/41 MP: 5/5
  1617 | D:2      | Found an ornate altar of the Wu Jian Council.
  2570 | D:3      | Noticed an ogre
  2593 | D:3      | Killed an ogre
  2593 | D:3      | Reached skill level 4 in Fighting
  3009 | D:3      | Gained mutation: You have a pair of small antennae on your
                  | head. [demonic ancestry]
  3009 | D:3      | Reached XP level 6. HP: 46/49 MP: 6/6
  3274 | D:3      | Found a snail-covered altar of Cheibriados.
  3274 | D:3      | Found a shattered altar of Ashenzari.
  3275 | D:3      | Found a glowing silver altar of Zin.
  3936 | D:4      | You fall through a shaft for 3 floors!
  3970 | D:7      | Reached skill level 5 in Fighting
  3970 | D:7      | Reached skill level 5 in Dodging
  3975 | D:7      | Reached XP level 7. HP: 45/56 MP: 7/7
  4254 | D:6      | Found a glowing drain.
  4270 | Sewer    | Entered a sewer
  4995 | D:6      | Reached skill level 6 in Fighting
  5001 | D:6      | Reached XP level 8. HP: 39/64 MP: 8/8
  5158 | D:5      | Entered Level 5 of the Dungeon
  5772 | D:4      | Reached skill level 5 in Axes
  6015 | D:4      | Reached skill level 7 in Fighting
  7353 | D:6      | Found a basalt altar of Yredelemnul.
  7448 | D:6      | Noticed Edmund
  7467 | D:6      | Killed Edmund
  7467 | D:6      | Gained mutation: You are mostly covered in slimy green
                  | scales. (AC +3) [demonic ancestry]
  7467 | D:6      | Reached XP level 9. HP: 49/73 MP: 9/9
  7967 | D:6      | Reached skill level 8 in Fighting
  8073 | D:6      | Found a radiant altar of Vehumet.
  8868 | D:7      | Found a staircase to the Ecumenical Temple.
  8882 | Temple   | Entered the Ecumenical Temple
  8888 | Temple   | Became a worshipper of Uskayaw the Reveler
  8899 | D:7      | Reached * piety under Uskayaw
  8925 | D:7      | Reached ** piety under Uskayaw
  8928 | D:7      | Reached skill level 1 in Invocations
  9293 | D:7      | Noticed a gargoyle
  9427 | D:7      | Reached *** piety under Uskayaw
  9757 | D:8      | Reached skill level 9 in Fighting
  9821 | D:8      | Noticed a two-headed ogre
  9866 | D:8      | Killed a two-headed ogre
  9866 | D:8      | Reached XP level 10. HP: 77/83 MP: 10/12
  9875 | D:8      | Reached **** piety under Uskayaw
  9883 | D:8      | Reached ***** piety under Uskayaw
  9946 | D:8      | Found Inkidadgh's Antique Armour Shop.
 10021 | D:8      | Bought a glowing leather armour for 120 gold pieces
 11180 | D:9      | Found a staircase to the Lair.
 11488 | D:10     | Entered Level 10 of the Dungeon
 11554 | D:10     | Reached skill level 10 in Fighting
 12436 | D:10     | Reached skill level 5 in Invocations
 12557 | D:10     | Found Taadghe's Food Emporium.
 12597 | D:10     | Noticed a cyclops
 12741 | Lair:1   | Entered Level 1 of the Lair of Beasts
 13362 | Lair:1   | Learned a level 6 spell: Statue Form
 13439 | Lair:1   | Noticed a black mamba
 13444 | Lair:1   | Killed a black mamba
 13589 | Lair:2   | Noticed an elephant
 13589 | Lair:2   | Noticed an elephant
 13589 | Lair:2   | Noticed an elephant
 13589 | Lair:2   | Noticed an elephant
 13589 | Lair:2   | Noticed an elephant
 13613 | Lair:1   | Killed an elephant
 13832 | Lair:2   | Found a staircase to the Snake Pit.
 13852 | Lair:2   | Reached skill level 10 in Dodging
 13852 | Lair:2   | Gained mutation: You are completely covered in slimy green
                  | scales. (AC +4, rPois) [demonic ancestry]
 13852 | Lair:2   | Reached XP level 11. HP: 69/92 MP: 15/15
 13975 | Lair:2   | Reached skill level 1 in Transmutations
 14604 | Lair:2   | Found a transporter.
 15323 | Lair:2   | Reached skill level 11 in Fighting
 15662 | Lair:2   | Found a transporter.
 15663 | Lair:2   | Noticed a fire crab
 17286 | Lair:3   | Found a staircase to the Swamp.
 19111 | Lair:3   | Reached skill level 1 in Armour
 19717 | Lair:4   | Identified Yweagy Puifo's Grimoire of Spatial Companions
 19770 | Lair:4   | Found a deep blue altar of Sif Muna.
 19814 | Lair:4   | Gained mutation: You have a pair of antennae on your head.
                  | [demonic ancestry]
 19814 | Lair:4   | Reached XP level 12. HP: 79/101 MP: 17/17
 20243 | Lair:4   | Reached skill level 1 in Spellcasting
 20879 | Lair:4   | Reached skill level 12 in Fighting
 21164 | Lair:5   | Reached ****** piety under Uskayaw
 21682 | Lair:5   | Learned a level 3 spell: Regeneration
 21792 | Lair:5   | Noticed a six-headed hydra
 21983 | Lair:5   | Killed a six-headed hydra
 22491 | Lair:5   | Reached skill level 1 in Necromancy
 22969 | Lair:5   | Noticed an eight-headed hydra
 22981 | Lair:5   | Killed an eight-headed hydra
 23623 | Lair:5   | Found a staircase to the Slime Pits.
 23928 | Lair:6   | Entered Level 6 of the Lair of Beasts
 23928 | Lair:6   | Noticed a death yak
 23928 | Lair:6   | Noticed a death yak
 23933 | Lair:6   | Noticed a death yak
 23933 | Lair:6   | Noticed a death yak
 23946 | Lair:5   | Killed a death yak
 23946 | Lair:5   | Gained mutation: You regenerate a little health from kills.
                  | [demonic ancestry]
 23946 | Lair:5   | Reached XP level 13. HP: 60/109 MP: 19/19
 24188 | Lair:6   | Paralysed by a hornet for 2 turns
 26424 | Lair:6   | Reached skill level 13 in Fighting
 26676 | Lair:6   | Found a white marble altar of Elyvilon.
 28892 | Lair:6   | Reached skill level 10 in Invocations
 29859 | Lair:6   | Found a runed translucent door.
 31625 | Lair:6   | Gained mutation: You have a pair of large antennae on your
                  | head. (SInv) [demonic ancestry]
 31625 | Lair:6   | Reached XP level 14. HP: 71/118 MP: 21/21
 34072 | D:11     | Killed from afar by a soul eater

Skill      XL: |  1  2  3  4  5  6  7  8  9 10 11 12 13 14 |
---------------+-------------------------------------------+-----
Dodging        | 3 4 5 6 7 8 10 11 12 | 12.9
Axes           | 3 4 5 6 7 8 9 |  9.5
Fighting       | 3 4 5 6 7 9 10 11 12 13 | 13.7
Invocations    | 3 5 7 9 10 | 10.4
Transmutations | 3 |  3.0
Armour         | 1 3 4 |  4.1
Spellcasting   | 2 3 |  3.7
Necromancy     | 2 4 |  4.9
Throwing       | |  1.7

Action                   |  1- 3 |  4- 6 |  7- 9 | 10-12 | 13-15 || total
-------------------------+-------+-------+-------+-------+-------++-------
Melee: War axe           |    84 |   162 |       |       |       ||   246
       Broad axe         |       |    30 |   354 |   687 |   538 ||  1609
       Spear             |       |       |       |    17 |    41 ||    58
Throw: Throwing net      |       |     1 |       |       |       ||     1
       Javelin           |       |       |       |     3 |     2 ||     5
Invok: Line Pass         |       |       |       |     1 |       ||     1
       Stomp             |       |       |       |    10 |     6 ||    16
Evoke: Wand              |       |       |     4 |     4 |     3 ||    11
  Use: Scroll            |       |    13 |     4 |    13 |     6 ||    36
       Potion            |       |     1 |     2 |       |     3 ||     6
 Stab: Sleeping          |     1 |       |     1 |     2 |       ||     4
       Distracted        |       |     1 |     1 |     9 |     4 ||    15
       Paralysed         |       |       |     1 |    61 |    28 ||    90
  Eat: Chunk             |       |     8 |    18 |    32 |    16 ||    74
       Ration            |       |     1 |       |     5 |     5 ||    11
Armor: Leather armour    |    37 |    67 |   108 |   179 |    83 ||   474
       Chain mail        |       |       |       |       |    44 ||    44
Dodge: Dodged            |    73 |   152 |   346 |   744 |   604 ||  1919
